 Dungeon Crawl Stone Soup version 0.30-a0-174-gbc10bd73c2 (webtiles) character file.

Game seed: 15129039839082760809

6227 qw the Cleaver (level 10, -3/63 HPs)
             Began as a Gargoyle Fighter on Oct 1, 2022.
             Was a High Priest of Okawaru.
             Slain by a shadow (25 damage)
             ... on level 10 of the Dungeon.
             The game lasted 00:03:39 (8695 turns).

qw the Cleaver (Gargoyle Fighter)                   Turns: 8695, Time: 00:03:40

Health: -3/63      AC: 30    Str: 24    XL:     10   Next: 92%
Magic:  16/16      EV:  5    Int:  9    God:    Okawaru [*****.]
Gold:   540        SH: 11    Dex:  9    Spells: 9/9 levels left

rFire   . . .      SeeInvis .    Y - +5 war axe
rCold   . . .      Faith    .    y - +2 kite shield
rNeg    + . .      Spirit   .    q - +0 plate armour
rPois   inf        Reflect  .    (no helmet)
rElec   +          Harm     .    s - +1 cloak
rCorr   +          Rampage  .    u - +0 pair of gloves
Will    .....                    e - +2 pair of boots
Stlth   ..........               (no amulet)
HPRegen 0.30/turn                i - +4 ring of protection
MPRegen 0.15/turn                t - ring of resist corrosion

@: no status effects
A: sickness immunity, AC +7, negative energy resistance 1, electricity
resistance, torment resistance 1, petrification resistance
a: Renounce Religion, Heroism, Finesse, Duel


You were on level 10 of the Dungeon.
You worshipped Okawaru.
Okawaru was extremely pleased with you.
You visited 1 branch of the dungeon, and saw 10 of its levels.

You collected 636 gold pieces.
You spent 96 gold pieces at shops.


Innate Abilities, Weirdness & Mutations

You are immune to sickness and miasma.
Your stone body is resilient. (AC +7)
You are immune to poison.
You resist negative energy. (rN+)
You are resistant to electric shocks. (rElec)
You are resistant to unholy torment.
You are immune to petrification.


   Skills:
 - Level 7.0 Fighting
 - Level 9.4 Axes
 - Level 3.0 Throwing
 - Level 6.0 Armour
 - Level 1.1 Dodging
 + Level 7.2 Shields
 + Level 8.2 Invocations


You had 9 spell levels left.
You didn't know any spells.
Your spell library was empty.

Inventory:

Hand Weapons
 v - a +1 flail of protection
 Y - a +5 war axe (weapon)
Missiles
 a - 5 boomerangs
 m - 14 javelins
 r - 3 silver javelins (quivered)
 x - 2 silver boomerangs
Armour
 e - a +2 pair of boots (worn)
 q - a +0 plate armour (worn)
 s - a +1 cloak (worn)
 u - a +0 pair of gloves (worn)
 y - a +2 kite shield (worn)
Jewellery
 i - a +4 ring of protection (left hand)
 t - a ring of resist corrosion (right hand)
 w - a ring of fire
Scrolls
 f - 2 scrolls of teleportation
 j - 3 scrolls of identify
Potions
 b - 2 potions of haste
 d - a potion of might
 g - 3 potions of attraction
 k - a potion of magic
 l - 2 potions of curing
 o - 2 potions of lignification
 p - a potion of cancellation

Dungeon Overview and Level Annotations

Branches:
Dungeon (10/15)            Temple (0/1) D:4
   Lair: D:8-11         Orc: D:9-12

Altars:
Cheibriados
Dithmenos
Gozag
Makhleb
Nemelex Xobeh
Okawaru
Ru
Uskayaw
Xom
Yredelemnul

Shops:
D:2 *   D:7 :   D:8 (

Annotations:
D:3 1 runed translucent door, Crazy Yiuf
D:5 2 runed translucent doors, qw's ghost, novice GrFi
D:7 3 runed translucent doors, qw's ghost, novice GrFi
D:8 1 runed translucent door


Message History

You swing at nothing.
You swing at nothing.
You swing at nothing.
You swing at nothing.
You swing at nothing.
You swing at nothing.
You feel like a meek peon again.
You swing at nothing.
You swing at nothing.
You swing at nothing.
You swing at nothing.
You swing at nothing.
You swing at nothing.
You swing at nothing.
You swing at nothing.
You swing at nothing.
You swing at nothing.
You swing at nothing.
You swing at nothing.
You swing at nothing.
You swing at nothing.
You swing at nothing.
You swing at nothing.
You swing at nothing.
You swing at nothing.
You swing at nothing.
You swing at nothing.
You swing at nothing.
You swing at nothing.
You swing at nothing.
You swing at nothing.
You swing at nothing.
You swing at nothing.
8686 ||| FLEEEEING.
8687 ||| FLEEEEING.
The shadow slips into darkness.
The shadow flickers and vanishes!
There is an open door here.
The shadow strikes at you from the darkness!
You die...

#.......##.##.....#
##
#.......#..##.....#
+..
#.......#.###.....#
#..#.......#.#
#.....#
#...........#
#.....# #.......###
###.##### #.(##
##@.## ##..#
####+## ######'###
#..../# #........#
#.$...# #........#
#.....# #........#
#.....+ #........#
#.....# #........#
###...?.##
+........#
#>+..!...#


There were no monsters in sight!

Vanquished Creatures
  A centaur warrior (D:10)
  Pikel (D:7)
  A deep elf pyromancer (D:10)
  A troll (D:9)
  Grinder (D:3)
  A slime creature (D:10)
  A wyvern (D:8)
  A steam dragon (D:7)
  2 water moccasins
  6 orc warriors
  2 sky beasts (D:8)
  2 ice beasts (D:7)
  2 ogres
  5 centaurs
  A phantom (D:4)
  3 bullfrogs
  3 scorpions
  5 wights (D:9)
  12 killer bees
  2 howler monkeys
  3 hounds
  2 gnoll boudas
  5 orc priests
  3 iguanas
  10 orc wizards
  A mummy (D:5)
  8 gnolls
  9 adders
  4 shadow imps
  2 white imps (D:6)
  3 worms
  2 dart slugs (D:1)
  31 orcs
  11 ball pythons
  7 endoplasms
  4 giant cockroaches
  8 goblins
  8 hobgoblins
  5 jackals
  2 bats
  A frilled lizard (D:2)
  6 kobolds
  5 rats
193 creatures vanquished.

Vanquished Creatures (others)
  A golden eye (shapeshifter) (D:10)
  A shadow imp (D:7)
2 creatures vanquished.

Grand Total: 195 creatures vanquished

Notes
Turn   | Place    | Note
-------+----------+-------------------------------------------
     0 | D:1      | qw the Gargoyle Fighter began the quest for the Orb.
     0 | D:1      | Reached XP level 1. HP: 14/14 MP: 1/1
     0 | D:1      | 0 ||| qw: Version: 0.2-a-13-gfc7b4b4
     0 | D:1      | 0 ||| qw: Game counter: 1941
     0 | D:1      | 0 ||| qw: Always use a shield: true
     0 | D:1      | 0 ||| qw: God list: Okawaru
     0 | D:1      | 0 ||| qw: Allow faded altars: false
     0 | D:1      | 0 ||| qw: Do Orc after D:15 true
     0 | D:1      | 0 ||| qw: Do second Lair branch before Depths: true
     0 | D:1      | 0 ||| qw: Lair rune preference: random
     0 | D:1      | 0 ||| qw: Plans: Normal, Zot:1-4, God:TSO, Crypt, Tomb,
                  | Pan, Slime:5, Hells, Abyss, Orb
     0 | D:1      | 0 ||| PLANNING D:1-11
    60 | D:1      | Reached skill level 2 in Axes
   145 | D:1      | 145 ||| Stepping ~*~*~tactically~*~*~ (stealth).
   150 | D:1      | Reached XP level 2. HP: 19/19 MP: 2/2
   151 | D:1      | 151 ||| Stepping ~*~*~tactically~*~*~ (hiding).
   154 | D:1      | 154 ||| Stepping ~*~*~tactically~*~*~ (hiding).
   328 | D:1      | Noticed a great orb of eyes
   332 | D:1      | Noticed a shining eye
   334 | D:1      | Found a faded altar of an unknown god.
   336 | D:1      | 336 ||| READING scroll labelled UMOONL FAAJI.
   337 | D:1      | 337 ||| READING scroll labelled ZUOWEC JAS.
   359 | D:1      | Noticed a floating eye
   364 | D:1      | Noticed a golden eye
   365 | D:1      | 365 ||| Stepping ~*~*~tactically~*~*~ (stealth).
   368 | D:1      | 368 ||| Stepping ~*~*~tactically~*~*~ (hiding).
   515 | D:1      | 515 ||| READING scroll labelled LAEFUS LADICW.
   516 | D:1      | 516 ||| READING scroll labelled ICSUTHI EN LEWI.
   517 | D:1      | 517 ||| READING scroll labelled REWUUF FALAS SAOS.
   518 | D:1      | 518 ||| READING 2 scrolls labelled QOCREACH UBAH.
   519 | D:1      | 519 ||| DROPPING scroll of vulnerability.
   541 | D:2      | 541 ||| STAIRDANCE
   545 | D:1      | Reached skill level 3 in Axes
   545 | D:1      | Reached XP level 3. HP: 23/23 MP: 3/3
   560 | D:2      | 560 ||| DROPPING +0 club.
   581 | D:2      | Found Xunlyudd's General Store.
   587 | D:2      | 587 ||| BUYING potion of attraction (36 gold).
   587 | D:2      | Bought a potion of attraction for 36 gold pieces
   587 | D:2      | 587 ||| SHOPLISTING potion of cancellation (96 gold, have
                  | 79).
   587 | D:2      | 587 ||| BUYING potion of heal wounds (60 gold).
   587 | D:2      | Bought a potion of heal wounds for 60 gold pieces
   617 | D:2      | 617 ||| READING scroll of enchant weapon.
   617 | D:2      | 617 ||| ENCHANTING +1 war axe.
   762 | D:2      | 762 ||| Stepping ~*~*~tactically~*~*~ (stealth).
   772 | D:2      | 772 ||| FLEEEEING.
   776 | D:2      | 776 ||| FLEEEEING.
   777 | D:2      | 777 ||| FLEEEEING.
   778 | D:2      | 778 ||| FLEEEEING.
   779 | D:2      | 779 ||| FLEEEEING.
   780 | D:2      | 780 ||| FLEEEEING.
   781 | D:2      | 781 ||| FLEEEEING.
   782 | D:2      | 782 ||| FLEEEEING.
   809 | D:2      | 809 ||| Stepping ~*~*~tactically~*~*~ (stealth).
  1009 | D:2      | Found an iron altar of Okawaru.
  1010 | D:2      | 1010 ||| PLANNING OKAWARU WORSHIP
  1010 | D:2      | 1010 ||| UPGRADING to +4 ring of protection.
  1011 | D:2      | 1011 ||| READING scroll labelled MAMPAR GOIDGHO.
  1012 | D:2      | 1012 ||| READING 2 scrolls labelled GINKOR UFADEMA.
  1020 | D:2      | Became a worshipper of Warmaster Okawaru
  1021 | D:2      | 1021 ||| PLANNING D:1-11
  1105 | D:2      | Reached XP level 4. HP: 28/28 MP: 4/4
  1147 | D:2      | Reached skill level 4 in Axes
  1252 | D:2      | 1252 ||| READING scroll labelled UZODIU NUZXAWE.
  1253 | D:2      | 1253 ||| DRINKING 2 fizzy inky potions.
  1254 | D:2      | 1254 ||| DROPPING potion of flight.
  1574 | D:3      | Noticed a +0 dagger
  1574 | D:3      | Noticed a +0 dagger
  1603 | D:3      | Found a runed translucent door.
  1604 | D:3      | Noticed Crazy Yiuf
  1702 | D:3      | Noticed Grinder
  1703 | D:3      | 1703 ||| Stepping ~*~*~tactically~*~*~ (stealth).
  1712 | D:3      | Paralysed by Grinder for 5 turns
  1718 | D:3      | HP: 7/28 [Grinder (6)]
  1719 | D:3      | 1719 ||| DRINKING 2 potions of heal wounds.
  1721 | D:3      | 1721 ||| Stepping ~*~*~tactically~*~*~ (hiding).
  1738 | D:3      | 1738 ||| FLEEEEING.
  1743 | D:3      | 1743 ||| FLEEEEING.
  1744 | D:3      | 1744 ||| FLEEEEING.
  1744 | D:3      | Paralysed by Grinder for 2 turns
  1746 | D:3      | 1746 ||| FLEEEEING.
  1751 | D:3      | 1751 ||| FLEEEEING.
  1752 | D:3      | 1752 ||| FLEEEEING.
  1753 | D:3      | 1753 ||| FLEEEEING.
  1754 | D:3      | 1754 ||| FLEEEEING.
  1755 | D:3      | 1755 ||| Stepping ~*~*~tactically~*~*~ (hiding).
  1758 | D:3      | 1758 ||| Stepping ~*~*~tactically~*~*~ (hiding).
  1762 | D:3      | Killed Grinder
  1762 | D:3      | Reached * piety under Okawaru
  1763 | D:3      | Reached skill level 5 in Axes
  1763 | D:3      | Reached XP level 5. HP: 30/32 MP: 5/5
  1763 | D:3      | Reached XP level 6. HP: 35/37 MP: 6/6
  1903 | D:3      | 1903 ||| Stepping ~*~*~tactically~*~*~ (stealth).
  1914 | D:3      | Found a hide-covered altar of Uskayaw.
  2261 | D:3      | 2261 ||| UPGRADING to +0 plate armour.
  2271 | D:3      | 2271 ||| DROPPING +0 scale mail.
  2272 | D:3      | 2272 ||| READING 2 scrolls labelled BEAZXA MUOP.
  2329 | D:3      | 2329 ||| READING scroll labelled HYXKUAD MIOZUI.
  2330 | D:3      | 2330 ||| READING scroll labelled YSESIC TYXTAV.
  2331 | D:3      | 2331 ||| READING scroll labelled AHISIM EXUPPORGH.
  2332 | D:3      | 2332 ||| DRINKING 2 glowing white potions.
  2333 | D:3      | 2333 ||| READING 3 scrolls of identify.
  2333 | D:3      | 2333 ||| IDENTIFYING dark potion
  2334 | D:3      | 2334 ||| READING 2 scrolls of identify.
  2334 | D:3      | 2334 ||| IDENTIFYING lumpy black potion
  2335 | D:3      | 2335 ||| DROPPING potion of degeneration.
  2366 | D:4      | Reached skill level 1 in Invocations
  2420 | D:4      | 2420 ||| Stepping ~*~*~tactically~*~*~ (stealth).
  2426 | D:4      | 2426 ||| Stepping ~*~*~tactically~*~*~ (stealth).
  2431 | D:4      | 2431 ||| Stepping ~*~*~tactically~*~*~ (stealth).
  2560 | D:4      | Reached XP level 7. HP: 43/43 MP: 8/8
  2703 | D:4      | Found a sparkling altar of Nemelex Xobeh.
  2784 | D:4      | 2784 ||| Stepping ~*~*~tactically~*~*~ (stealth).
  2855 | D:4      | Reached skill level 6 in Axes
  2881 | D:4      | Found a sacrificial altar of Ru.
  2886 | D:4      | 2886 ||| Stepping ~*~*~tactically~*~*~ (stealth).
  2950 | D:4      | Found a staircase to the Ecumenical Temple.
  2997 | D:4      | 2997 ||| DRINKING 2 potions of curing.
  2997 | D:4      | 2997 ||| (to cure confusion)
  2998 | D:4      | 2998 ||| DRINKING potion of curing.
  2998 | D:4      | 2998 ||| (to cure confusion)
  3019 | D:4      | Reached skill level 3 in Invocations
  3317 | D:5      | Entered Level 5 of the Dungeon
  3356 | D:5      | Found a large runed translucent door.
  3356 | D:5      | Found a large runed translucent door.
  3463 | D:5      | Found a snail-covered altar of Cheibriados.
  3472 | D:5      | 3472 ||| INVOKING Heroism.
  3475 | D:5      | Reached skill level 1 in Throwing
  3646 | D:5      | 3646 ||| Stepping ~*~*~tactically~*~*~ (stealth).
  3648 | D:5      | 3648 ||| INVOKING Heroism.
  3651 | D:5      | 3651 ||| Stepping ~*~*~tactically~*~*~ (hiding).
  3655 | D:5      | 3655 ||| Stepping ~*~*~tactically~*~*~ (hiding).
  3657 | D:5      | 3657 ||| Stepping ~*~*~tactically~*~*~ (hiding).
  3658 | D:5      | 3658 ||| Stepping ~*~*~tactically~*~*~ (hiding).
  3662 | D:5      | 3662 ||| Stepping ~*~*~tactically~*~*~ (hiding).
  3670 | D:5      | 3670 ||| INVOKING Heroism.
  3677 | D:5      | Reached ** piety under Okawaru
  3728 | D:5      | 3728 ||| DROPPING +0 whip.
  3737 | D:5      | Noticed qw's ghost (novice GrFi)
  3784 | D:5      | 3784 ||| Stepping ~*~*~tactically~*~*~ (stealth).
  3786 | D:5      | 3786 ||| Stepping ~*~*~tactically~*~*~ (stealth).
  3787 | D:5      | 3787 ||| Stepping ~*~*~tactically~*~*~ (stealth).
  3788 | D:5      | 3788 ||| Stepping ~*~*~tactically~*~*~ (stealth).
  3789 | D:5      | 3789 ||| Stepping ~*~*~tactically~*~*~ (stealth).
  3790 | D:5      | 3790 ||| INVOKING Heroism.
  3793 | D:5      | Reached skill level 7 in Axes
  3793 | D:5      | Reached XP level 8. HP: 48/48 MP: 8/11
  4273 | D:5      | 4273 ||| UPGRADING to +1 pair of boots of stealth.
  4278 | D:5      | 4278 ||| UPGRADING to +1 cloak.
  4289 | D:5      | 4289 ||| UPGRADING to ring of resist corrosion.
  4290 | D:5      | 4290 ||| DRINKING 2 lumpy cyan potions.
  4315 | D:5      | 4315 ||| READING 2 scrolls of identify.
  4315 | D:5      | 4315 ||| IDENTIFYING lumpy golden potion
  4316 | D:5      | 4316 ||| READING 4 scrolls of teleportation.
  4416 | D:5      | 4416 ||| Stepping ~*~*~tactically~*~*~ (stealth).
  4418 | D:5      | 4418 ||| Stepping ~*~*~tactically~*~*~ (stealth).
  4428 | D:5      | 4428 ||| Stepping ~*~*~tactically~*~*~ (hiding).
  4595 | D:6      | 4595 ||| INVOKING Heroism.
  4928 | D:6      | 4928 ||| Stepping ~*~*~tactically~*~*~ (stealth).
  4932 | D:6      | Reached skill level 1 in Dodging
  4987 | D:6      | 4987 ||| Stepping ~*~*~tactically~*~*~ (stealth).
  5014 | D:6      | 5014 ||| Stepping ~*~*~tactically~*~*~ (stealth).
  5033 | D:6      | Found an iron altar of Okawaru.
  5089 | D:6      | Reached *** piety under Okawaru
  5237 | D:6      | 5237 ||| Stepping ~*~*~tactically~*~*~ (hiding).
  5244 | D:6      | 5244 ||| INVOKING Heroism.
  5264 | D:6      | 5264 ||| DROPPING +0 flail.
  5338 | D:6      | 5338 ||| INVOKING Heroism.
  5340 | D:6      | 5340 ||| Stepping ~*~*~tactically~*~*~ (stealth).
  5349 | D:6      | 5349 ||| INVOKING Heroism.
  5427 | D:6      | Found a burning altar of Makhleb.
  5486 | D:6      | Reached skill level 8 in Axes
  5486 | D:6      | Reached XP level 9. HP: 46/54 MP: 12/12
  5636 | D:6      | 5636 ||| UPGRADING to +0 pair of gloves.
  5641 | D:6      | 5641 ||| READING 2 scrolls of identify.
  5641 | D:6      | 5641 ||| IDENTIFYING white potion
  5642 | D:6      | 5642 ||| DROPPING potion of ambrosia.
  5796 | D:7      | 5796 ||| Stepping ~*~*~tactically~*~*~ (hiding).
  5797 | D:7      | 5797 ||| Stepping ~*~*~tactically~*~*~ (hiding).
  5920 | D:7      | 5920 ||| Stepping ~*~*~tactically~*~*~ (hiding).
  5926 | D:7      | 5926 ||| INVOKING Heroism.
  5935 | D:7      | Reached skill level 6 in Fighting
  6006 | D:7      | 6006 ||| READING scroll of enchant weapon.
  6006 | D:7      | 6006 ||| ENCHANTING +2 war axe.
  6008 | D:7      | 6008 ||| Stepping ~*~*~tactically~*~*~ (stealth).
  6013 | D:7      | 6013 ||| Stepping ~*~*~tactically~*~*~ (stealth).
  6015 | D:7      | Noticed Pikel
  6016 | D:7      | 6016 ||| INVOKING Heroism.
  6021 | D:7      | 6021 ||| Stepping ~*~*~tactically~*~*~ (stealth).
  6039 | D:7      | Killed Pikel
  6040 | D:7      | Reached skill level 9 in Axes
  6043 | D:7      | 6043 ||| INVOKING Heroism.
  6051 | D:7      | Reached skill level 6 in Armour
  6396 | D:7      | Found Loytwu's Self-Improvement Boutique.
  6622 | D:7      | Found a runed translucent gate.
  6622 | D:7      | Found a runed translucent gate.
  6623 | D:7      | Noticed qw's ghost (novice GrFi)
  6624 | D:7      | Found a runed translucent gate.
  6624 | D:7      | Noticed qw's ghost (novice GrFi)
  6625 | D:7      | Noticed qw's ghost (novice GrFi)
  6625 | D:7      | Noticed qw's ghost (novice GrFi)
  6625 | D:7      | Noticed qw's ghost (novice GrFi)
  6711 | D:7      | 6711 ||| UPGRADING to +2 pair of boots.
  6721 | D:7      | 6721 ||| DROPPING +1 pair of boots of stealth.
  6758 | D:8      | 6758 ||| READING scroll of enchant weapon.
  6758 | D:8      | 6758 ||| ENCHANTING +3 war axe.
  6781 | D:8      | Reached **** piety under Okawaru
  6907 | D:8      | 6907 ||| Stepping ~*~*~tactically~*~*~ (stealth).
  6911 | D:8      | 6911 ||| Stepping ~*~*~tactically~*~*~ (stealth).
  6914 | D:8      | 6914 ||| INVOKING Heroism.
  6917 | D:8      | 6917 ||| Stepping ~*~*~tactically~*~*~ (hiding).
  6974 | D:8      | 6974 ||| Stepping ~*~*~tactically~*~*~ (hiding).
  6983 | D:8      | Reached XP level 10. HP: 57/63 MP: 13/13
  7003 | D:8      | Received a gift from Okawaru
  7012 | D:8      | 7012 ||| INVOKING Heroism.
  7024 | D:8      | 7024 ||| FLEEEEING.
  7025 | D:8      | 7025 ||| FLEEEEING.
  7026 | D:8      | 7026 ||| FLEEEEING.
  7027 | D:8      | 7027 ||| FLEEEEING.
  7028 | D:8      | 7028 ||| FLEEEEING.
  7029 | D:8      | 7029 ||| FLEEEEING.
  7030 | D:8      | 7030 ||| FLEEEEING.
  7031 | D:8      | 7031 ||| FLEEEEING.
  7032 | D:8      | 7032 ||| FLEEEEING.
  7033 | D:8      | 7033 ||| FLEEEEING.
  7034 | D:8      | 7034 ||| FLEEEEING.
  7035 | D:8      | 7035 ||| FLEEEEING.
  7036 | D:8      | 7036 ||| FLEEEEING.
  7037 | D:8      | 7037 ||| FLEEEEING.
  7038 | D:8      | 7038 ||| FLEEEEING.
  7039 | D:8      | 7039 ||| FLEEEEING.
  7040 | D:8      | 7040 ||| FLEEEEING.
  7041 | D:8      | 7041 ||| FLEEEEING.
  7042 | D:8      | 7042 ||| FLEEEEING.
  7043 | D:8      | 7043 ||| FLEEEEING.
  7044 | D:8      | 7044 ||| FLEEEEING.
  7045 | D:8      | 7045 ||| FLEEEEING.
  7046 | D:8      | 7046 ||| FLEEEEING.
  7047 | D:8      | 7047 ||| FLEEEEING.
  7048 | D:8      | 7048 ||| FLEEEEING.
  7049 | D:8      | 7049 ||| FLEEEEING.
  7051 | D:8      | 7051 ||| STAIRDANCE
  7172 | D:8      | 7172 ||| STAIRDANCE
  7270 | D:8      | Found Gulemut's Antique Weapon Shop.
  7377 | D:8      | Reached skill level 3 in Throwing
  7394 | D:8      | Found a runed translucent door.
  7613 | D:8      | Found an opulent altar of Gozag.
  7840 | D:8      | 7840 ||| UPGRADING to +2 kite shield.
  7850 | D:8      | 7850 ||| DROPPING +0 buckler.
  7851 | D:8      | 7851 ||| DRINKING 2 murky blue potions.
  7852 | D:8      | 7852 ||| READING 4 scrolls of identify.
  7852 | D:8      | 7852 ||| IDENTIFYING fuming yellow potion
  7853 | D:8      | 7853 ||| READING 3 scrolls of identify.
  7853 | D:8      | 7853 ||| IDENTIFYING viscous emerald potion
  7854 | D:8      | 7854 ||| DROPPING potion of brilliance.
  7855 | D:8      | 7855 ||| DROPPING potion of berserk rage.
  7884 | D:9      | 7884 ||| INVOKING Heroism.
  7935 | D:9      | 7935 ||| INVOKING Heroism.
  7946 | D:9      | Reached skill level 6 in Invocations
  7980 | D:9      | 7980 ||| Stepping ~*~*~tactically~*~*~ (hiding).
  7981 | D:9      | 7981 ||| Stepping ~*~*~tactically~*~*~ (hiding).
  7982 | D:9      | 7982 ||| Stepping ~*~*~tactically~*~*~ (hiding).
  8019 | D:9      | 8019 ||| DRINKING 3 potions of curing.
  8019 | D:9      | 8019 ||| (to cure confusion)
  8038 | D:9      | 8038 ||| Stepping ~*~*~tactically~*~*~ (stealth).
  8164 | D:9      | 8164 ||| INVOKING Heroism.
  8195 | D:9      | Found a shadowy altar of Dithmenos.
  8217 | D:9      | 8217 ||| INVOKING Heroism.
  8303 | D:9      | 8303 ||| Stepping ~*~*~tactically~*~*~ (stealth).
  8318 | D:9      | 8318 ||| INVOKING Heroism.
  8398 | D:9      | 8398 ||| READING 3 scrolls of identify.
  8398 | D:9      | 8398 ||| IDENTIFYING ruby potion
  8403 | D:9      | Reached skill level 6 in Shields
  8407 | D:9      | Found a shimmering altar of Xom.
  8533 | D:9      | 8533 ||| DROPPING potion of invisibility.
  8553 | D:10     | Entered Level 10 of the Dungeon
  8553 | D:10     | Found a basalt altar of Yredelemnul.
  8604 | D:10     | 8604 ||| READING scroll of enchant weapon.
  8604 | D:10     | 8604 ||| ENCHANTING +4 war axe.
  8605 | D:10     | Noticed a deep elf pyromancer
  8605 | D:10     | Noticed a rakshasa
  8605 | D:10     | Noticed a cyan ugly thing
  8606 | D:10     | 8606 ||| DRINKING 3 potions of curing.
  8606 | D:10     | 8606 ||| (to cure confusion)
  8607 | D:10     | 8607 ||| Stepping ~*~*~tactically~*~*~ (hiding).
  8610 | D:10     | 8610 ||| INVOKING Heroism.
  8611 | D:10     | Noticed a centaur warrior
  8616 | D:10     | HP: 13/63 [centaur warrior/arrow (16)]
  8617 | D:10     | 8617 ||| READING 5 scrolls of teleportation.
  8618 | D:10     | 8618 ||| DRINKING 2 potions of heal wounds.
  8620 | D:10     | Noticed an ogre mage
  8620 | D:10     | Noticed a manticore
  8620 | D:10     | Noticed a manticore
  8621 | D:10     | Noticed a cyclops
  8625 | D:10     | HP: 15/63 [fire elemental[a deep elf pyromancer] (6)]
  8626 | D:10     | 8626 ||| READING 4 scrolls of teleportation.
  8627 | D:10     | 8627 ||| DRINKING potion of heal wounds.
  8634 | D:10     | 8634 ||| INVOKING Heroism.
  8636 | D:10     | Killed a centaur warrior
  8636 | D:10     | Reached ***** piety under Okawaru
  8636 | D:10     | HP: 12/63 [something (8)]
  8637 | D:10     | 8637 ||| READING 3 scrolls of teleportation.
  8639 | D:10     | Killed a deep elf pyromancer
  8639 | D:10     | Identified the +0 robe "Okeemmix" {Int+4} (Okawaru gifted
                  | it to you on level 10 of the Dungeon)
  8639 | D:10     | Received a gift from Okawaru
  8639 | D:10     | HP: 5/63 [something/bolt of magma (8)]
  8640 | D:10     | 8640 ||| Stepping ~*~*~tactically~*~*~ (hiding).
  8686 | D:10     | 8686 ||| FLEEEEING.
  8687 | D:10     | 8687 ||| FLEEEEING.
  8695 | D:10     | Slain by a shadow

Levels and vault maps discovered:
D:1:      minmay_arrival_checkered_box, layout_basic,
          hellmonk_ecumenical_altar_watching_god
D:2:      layout_basic, serial_shops, shop_coins, basic_altar,
          kennysheep_generic_room_3
D:3:      layout_basic, dancing_weapons_uskayaw, serial_bayou_ford_a,
          kennysheep_generic_room_4, uniq_grinder, uniq_crazy_yiuf_cottage
D:4:      layout_loops_corners, lemuel_tele_altar,
          mainiacjoe_overflow_cross_hatched,
          minmay_temple_entry_statues_fountains
D:5:      layout_cave_pools, slow_altar_1, ebering_ghost_disaster_area,
          serial_co_window_serial, co_window_paths_a, co_window_corner_a,
          co_window_paths_b, co_window_corner_a, co_window_paths_b,
          co_window_corner_cb, co_window_unsneaky_path_e, co_window_broadway_a,
          co_window_corner_cb, co_window_4corner_b, co_window_paths_e
D:6:      layout_loops_corners, mainiacjoe_overflow_alcove_1,
          okawaru_metal_pillars_1_2, nrook_campfire
D:7:      layout_basic, gammafunk_ghost_cemetery, kennysheep_decorative_pillar,
          nicolae_shop_self_help, uniq_pikel
D:8:      layout_basic, kennysheep_little_box, serial_shops, shop, minivault_23,
          lightli_church_of_beogh
D:9:      layout_big_octagon, tgw_xom, nicolae_dithmenos_the_darkroom
D:10:     layout_roguey, mainiacjoe_overflow_catwalk, erik_lair_dragon,
          kennysheep_orc_monster_closet_entryway, minivault_28

Skill      XL: |  1  2  3  4  5  6  7  8  9 10 |
---------------+-------------------------------+-----
Axes           | 2 3 5 7 8 9 |  9.4
Invocations    | 2 4 8 |  8.2
Fighting       | 4 5 7 |  7.0
Throwing       | 1 2 3 |  3.0
Armour         | 4 6 |  6.0
Dodging        | 1 |  1.1
Shields        | 4 7 |  7.2

Action                   |  1- 3 |  4- 6 |  7- 9 | 10-12 || total
-------------------------+-------+-------+-------+-------++-------
Melee: War axe           |    72 |   118 |   327 |   141 ||   658
Throw: Javelin           |       |       |    38 |    24 ||    62
Invok: Heroism           |       |       |    12 |     8 ||    20
  Use: Scroll            |     9 |     7 |     5 |     7 ||    28
       Potion            |       |     3 |     3 |     5 ||    11
Armor: Scale mail        |    32 |    45 |       |       ||    77
       Plate armour      |       |    15 |   240 |   154 ||   409
Dodge: Dodged            |    30 |    33 |    82 |    46 ||   191
Block: Buckler           |     7 |    15 |    48 |    11 ||    81
       Kite shield       |       |       |       |   115 ||   115

Table legend:
 A = Non-vault XP
 B = Vault XP
 C = Vault XP percentage of total XP
 D = Non-vault monster count
 E = Vault monster count
 F = Vault count percentage of total count
                 A         B        C        D         E       F
            +---------+---------+-------+---------+---------+-------
      Total |    6196 |    2701 |  30.4 |     179 |      14 |   7.3
            +---------+---------+-------+---------+---------+-------
        D:1 |      35 |       0 |   0.0 |      11 |       0 |   0.0
        D:2 |      65 |       1 |   1.5 |      17 |       1 |   5.6
        D:3 |      52 |     296 |  85.1 |      21 |       3 |  12.5
        D:4 |     356 |       0 |   0.0 |      23 |       0 |   0.0
        D:5 |     688 |      21 |   3.0 |      23 |       1 |   4.2
        D:6 |     920 |       0 |   0.0 |      20 |       0 |   0.0
        D:7 |    1011 |     641 |  38.8 |      15 |       1 |   6.2
        D:8 |    1146 |       0 |   0.0 |      19 |       0 |   0.0
        D:9 |    1923 |     113 |   5.6 |      30 |       5 |  14.3
       D:10 |       0 |    1629 | 100.0 |       0 |       3 | 100.0
            +---------+---------+-------+---------+---------+-------
